 Dungeon Sprint DCSS version 0.17-a0-1399-gd5b76e1 (webtiles) character file.

7641 Kidiri the Unseen (level 10, -7/44 HPs)
             Began as a Spriggan Enchanter on June 19, 2015.
             Was the Champion of Dithmenos.
             Mangled by an orc warrior
             ... wielding a +0 glaive
              (33 damage)
             ... in the Dungeon (Sprint IX: "|||||||||||||||||||||||||||||").
             The game lasted 00:11:27 (1506 turns).

Kidiri the Unseen (Spriggan Enchanter)              Turns: 1506, Time: 00:11:28

Health: -7/44      AC:  3    Str:  4    XL:     10   Next: 98%
Magic:  13/29      EV: 32    Int: 21    God:    Dithmenos [******]
Gold:   662        SH:  0    Dex: 22    Spells: 5 memorised, 25 levels left

rFire  . . .     SeeInvis +     q - +4 rapier (venom)
rCold  . . .     Clarity  .     b - +1 robe
rNeg   . . .     SustAt   .     (shield restricted)
rPois  .         Gourm    .     (helmet restricted)
rElec  .         Spirit   .     (no cloak)
rCorr  .         Warding  .     (gloves unavailable)
rMut   .         NoTele   +     (boots unavailable)
MR     +....                    (no amulet)
Stlth  ++++++++++               p - +3 ring of dexterity
                                o - +3 ring of intelligence

@: very slightly contaminated, wreathed by umbra, very quick, somewhat resistant
to hostile enchantments, uncannily stealthy
A: unfitting armour, see invisible, herbivore 3, speed 3, slow metabolism 2
a: Shadow Step, Shadow Form, Renounce Religion


You were in the Dungeon.
You worshipped Dithmenos.
Dithmenos was exalted by your worship.
You were not hungry.

You visited 1 branch You collected 662 gold pieces.

Inventory:

Hand weapons
 a - a +1 dagger
 q - a +4 rapier of venom (weapon)
Armour
 b - a +1 robe (worn)
Jewellery
 o - a +3 ring of intelligence (left hand)
 p - a +3 ring of dexterity (right hand)
Magical devices
 n - a wand of draining (7)
Scrolls
 j - 2 scrolls of blinking
 l - 4 scrolls of remove curse
 m - 2 scrolls of amnesia
 s - a scroll of fear
 t - a scroll of recharging
 v - a scroll of fog
Potions
 e - 8 potions of curing
 f - 7 potions of heal wounds
 g - 2 potions of haste
 h - 4 potions of magic
 i - a potion of berserk rage
 k - a potion of invisibility
 r - 2 potions of might
Books
 c - a book of Maledictions

   Spells                             Type                      Level
   a - Corona                         Hexes                        1
   b - Ensorcelled Hibernation        Hexes/Ice                    2
   c - Confuse                        Hexes                        3
   d - Tukima's Dance                 Hexes                        3
   e - Dazzling Spray                 Conjuration/Hexes            3
Comestibles
 d - 13 bread rations
 u - 40 fruits


   Skills:
 + Level 9.7 Short Blades
 + Level 12.7 Dodging
 * Level 18.1 Stealth
 * Level 14.4 Spellcasting
 + Level 6.1 Conjurations
 + Level 11.0 Hexes
 + Level 6.8 Ice Magic
 + Level 7.9 Invocations


You had 25 spell levels left.
You knew the following spells:

 Your Spells              Type           Power        Failure   Level  Hunger
a - Corona                Hex            ######.      1%          1    None
b - Ensorcelled Hibernat  Hex/Ice        ######       1%          2    None
c - Confuse               Hex            ######..     1%          3    None
d - Tukima's Dance        Hex            ######..     1%          3    None
e - Dazzling Spray        Conj/Hex       ######..     1%          3    None


Dungeon Overview and Level Annotations

Branches:
Dungeon (1/1)

Altars:
Cheibriados
Dithmenos
Elyvilon
Fedhas
Gozag
Kikubaaqudgha
Makhleb
Nemelex Xobeh
Okawaru
Qazlal
Ru
Sif Muna
Trog
Vehumet
Xom
Yredelemnul
Zin
The Shining One
Beogh
Jiyva
Lugonu


Innate Abilities, Weirdness & Mutations

You are tiny and cannot use many weapons and most armour.
You have supernaturally acute eyesight.
You are a herbivore.
You cover ground extremely quickly.
You need consume almost no food.


Message History

The orc warrior shouts!
Items here: ))) [[[ †† You hit the orc warrior but do no damage.
The orc warrior is poisoned.
Your shadow hits the orc warrior with a rapier.
The orc warrior completely misses you.
Casting: Ensorcelled Hibernation
Confirm with . or Enter, or press ? or * to list all spells.
Aiming: Ensorcelled Hibernation
Press: ? - help, Shift-Dir - straight line, f/p - orc warrior
Aim: an orc warrior, wielding a glaive and wearing a chain mail (moderately wounded, poisoned, consumed by blood-lust, umbra, chance to defeat MR: 72%)
The orc warrior is unaffected.
The orc high priest closely misses you.
You hit the orc warrior.
The orc warrior looks even sicker.
The orc warrior is moderately wounded.
Your shadow closely misses the orc warrior.
The orc high priest calls upon Beogh to heal the orc warrior.
The orc warrior's wounds heal themselves!
The orc warrior hits you with a glaive!!
Ouch! That really hurt!
You die...

▓)▓.▓)▓.▓.▓
▓)▓.▓.▓.▓.▓
▓)▓.▓.▓.▓.▓
▓)▓.▓.▓.▓'▓
▓.▓.▓.▓.▓_▓
▓)▓.▓.▓.▓_▓
▓)▓.▓.▓.▓_▓
▓%▓.▓'▓.▓_▓
▓@▓.▓.▓.▓_▓
▓o▓.▓.▓.▓_▓
▓o▓.▓.▓.▓_▓
▓o▓.▓.▓.▓_▓
▓o▓.▓.▓.▓_▓
▓'▓.▓%▓.▓_▓
▓)▓.▓.▓.▓_▓
▓)▓.▓%▓.▓_▓
▓o▓.▓%▓.▓_▓


You could see an orc knight, an orc high priest and 2 orc warriors.

Vanquished Creatures
  2 hydras (D)
  Urug (D)
  A fire crab (D)
  An orc knight (D)
  4 spiny frogs (D)
  A yak (D)
  A deep elf mage (D)
  A wyvern (D)
  4 wargs (D)
  2 basilisks (D)
  3 wolves (D)
  2 porcupines (D)
  A hell hound (D)
  2 hippogriffs (D)
  4 orc warriors (D)
  A phantom (D)
  A wasp (D)
  A centaur (D)
  An ogre (D)
  4 crocodiles (D)
  2 giant frogs (D)
  A crimson imp (D)
  3 orc priests (D)
  A jelly (D)
  An orc wizard (D)
  A worker ant (D)
  A river rat (D)
  2 adders (D)
  8 orcs (D)
  A bat (D)
  2 bat zombies (D)
  A hobgoblin (D)
  A jackal (D)
  A giant gecko zombie (D)
  A giant newt (D)
  A goblin (D)
66 creatures vanquished.

Notes
Turn   | Place    | Note
--------------------------------------------------------------
     0 | D        | Kidiri the Spriggan Enchanter began the quest for the Orb.
     0 | D        | Reached XP level 1. HP: 9/9 MP: 5/5
    30 | D        | Reached skill level 5 in Stealth
   135 | D        | Noticed a worker ant
   135 | D        | Noticed an ogre
   135 | D        | Noticed a crimson imp
   135 | D        | Noticed a centaur
   137 | D        | Killed a worker ant
   137 | D        | Reached skill level 6 in Stealth
   137 | D        | Reached XP level 2. HP: 13/13 MP: 6/8
   139 | D        | Killed an ogre
   139 | D        | Reached skill level 5 in Dodging
   139 | D        | Reached skill level 8 in Stealth
   139 | D        | Reached skill level 5 in Hexes
   139 | D        | Reached XP level 3. HP: 16/16 MP: 7/12
   139 | D        | Reached XP level 4. HP: 21/21 MP: 7/13
   146 | D        | Learned a level 2 spell: Ensorcelled Hibernation
   150 | D        | Learned a level 3 spell: Confuse
   154 | D        | Learned a level 3 spell: Tukima's Dance
   158 | D        | Learned a level 3 spell: Dazzling Spray
   196 | D        | Killed a centaur
   196 | D        | Reached skill level 9 in Stealth
   196 | D        | Reached skill level 1 in Conjurations
   196 | D        | Reached skill level 1 in Ice Magic
   196 | D        | Reached XP level 5. HP: 22/24 MP: 1/15
   311 | D        | Killed a crimson imp
   311 | D        | Reached skill level 10 in Stealth
   425 | D        | Found a glowing silver altar of Zin.
   425 | D        | Found a glowing golden altar of the Shining One.
   425 | D        | Found an ancient bone altar of Kikubaaqudgha.
   425 | D        | Found a basalt altar of Yredelemnul.
   425 | D        | Found a shimmering altar of Xom.
   425 | D        | Found a radiant altar of Vehumet.
   426 | D        | Found an iron altar of Okawaru.
   427 | D        | Found a burning altar of Makhleb.
   428 | D        | Found a deep blue altar of Sif Muna.
   429 | D        | Found a bloodstained altar of Trog.
   430 | D        | Found a sparkling altar of Nemelex Xobeh.
   431 | D        | Found a white marble altar of Elyvilon.
   432 | D        | Found a roughly hewn altar of Beogh.
   433 | D        | Found a viscous altar of Jiyva.
   434 | D        | Found a corrupted altar of Lugonu.
   435 | D        | Found a blossoming altar of Fedhas.
   436 | D        | Found a snail-covered altar of Cheibriados.
   437 | D        | Found a shadowy altar of Dithmenos.
   438 | D        | Found a stormy altar of Qazlal.
   439 | D        | Found an opulent altar of Gozag.
   440 | D        | Found a sacrificial altar of Ru.
   445 | D        | Became a worshipper of Dithmenos the Shadowed
   479 | D        | Noticed a wyvern
   479 | D        | Noticed a wasp
   479 | D        | Noticed a deep elf mage
   479 | D        | Noticed a hippogriff
   481 | D        | Killed a wyvern
   481 | D        | Reached skill level 5 in Short Blades
   481 | D        | Reached skill level 11 in Stealth
   481 | D        | Reached skill level 1 in Invocations
   481 | D        | Reached XP level 6. HP: 28/28 MP: 16/18
   483 | D        | Killed a wasp
   486 | D        | Killed a deep elf mage
   486 | D        | Reached skill level 12 in Stealth
   486 | D        | Reached XP level 7. HP: 32/32 MP: 14/20
   651 | D        | Killed a hippogriff
   651 | D        | Acquired Dithmenos's first power
   703 | D        | Noticed a phantom
   703 | D        | Noticed a jelly
   703 | D        | Noticed a giant frog
   703 | D        | Noticed a basilisk
   707 | D        | Killed a phantom
   707 | D        | Reached skill level 10 in Spellcasting
   709 | D        | Killed a jelly
   709 | D        | Acquired Dithmenos's second power
   714 | D        | Killed a giant frog
   714 | D        | Reached skill level 13 in Stealth
   727 | D        | Killed a basilisk
   727 | D        | Reached XP level 8. HP: 23/36 MP: 13/23
   942 | D        | Noticed a basilisk
   942 | D        | Noticed a porcupine
   942 | D        | Noticed a spiny frog
   942 | D        | Noticed a spiny frog
   942 | D        | Noticed a crocodile
   942 | D        | Noticed a spiny frog
   943 | D        | Noticed a crocodile
   944 | D        | Killed a basilisk
   945 | D        | Noticed a five-headed hydra
   946 | D        | Killed a porcupine
   946 | D        | Acquired Dithmenos's third power
   947 | D        | Noticed a hippogriff
   948 | D        | Killed a spiny frog
   948 | D        | Reached skill level 14 in Stealth
   950 | D        | Killed a spiny frog
   950 | D        | Reached skill level 10 in Dodging
   952 | D        | Killed a crocodile
   952 | D        | Reached skill level 5 in Invocations
   955 | D        | Killed a spiny frog
   955 | D        | Reached XP level 9. HP: 39/39 MP: 22/25
   958 | D        | Killed a crocodile
   958 | D        | Acquired Dithmenos's fourth power
   961 | D        | Killed a five-headed hydra
   961 | D        | Reached skill level 15 in Stealth
   961 | D        | Reached skill level 5 in Ice Magic
   967 | D        | Killed a hippogriff
  1013 | D        | Noticed a spiny frog
  1013 | D        | Noticed a four-headed hydra
  1013 | D        | Noticed a fire crab
  1013 | D        | Noticed a crocodile
  1013 | D        | Noticed a yak
  1014 | D        | Noticed a crocodile
  1015 | D        | Killed a spiny frog
  1015 | D        | Reached skill level 16 in Stealth
  1016 | D        | Noticed a porcupine
  1017 | D        | Killed a four-headed hydra
  1017 | D        | Reached skill level 5 in Conjurations
  1017 | D        | Reached skill level 10 in Hexes
  1017 | D        | Reached XP level 10. HP: 44/44 MP: 26/28
  1018 | D        | Noticed a giant frog
  1019 | D        | Killed a fire crab
  1021 | D        | Killed a crocodile
  1025 | D        | Killed a yak
  1033 | D        | Killed a crocodile
  1035 | D        | Killed a porcupine
  1035 | D        | Reached skill level 17 in Stealth
  1037 | D        | Killed a giant frog
  1070 | D        | Noticed a hell hound
  1070 | D        | Noticed a warg
  1070 | D        | Noticed a warg
  1070 | D        | Noticed a wolf
  1070 | D        | Noticed a warg
  1071 | D        | Noticed a wolf
  1074 | D        | Killed a hell hound
  1080 | D        | Noticed a warg
  1086 | D        | Killed a warg
  1089 | D        | Noticed a wolf
  1096 | D        | Killed a warg
  1099 | D        | Killed a warg
  1107 | D        | Killed a warg
  1109 | D        | Killed a wolf
  1116 | D        | Killed a wolf
  1127 | D        | Killed a wolf
  1280 | D        | Noticed Urug
  1282 | D        | Killed Urug
  1350 | D        | Noticed an orc priest
  1350 | D        | Noticed an orc priest
  1350 | D        | Noticed an orc warrior
  1352 | D        | Killed an orc priest
  1356 | D        | Killed an orc priest
  1359 | D        | Noticed an orc priest
  1361 | D        | Noticed an orc wizard
  1362 | D        | Killed an orc warrior
  1373 | D        | Killed an orc priest
  1377 | D        | Killed an orc wizard
  1475 | D        | Noticed an orc warrior
  1475 | D        | Noticed an orc warrior
  1475 | D        | Noticed an orc knight
  1475 | D        | Noticed an orc warrior
  1475 | D        | Noticed an orc warrior
  1475 | D        | Noticed an orc high priest
  1476 | D        | Noticed an orc knight
  1477 | D        | Killed an orc warrior
  1478 | D        | Noticed an orc warrior
  1479 | D        | Killed an orc warrior
  1497 | D        | Killed an orc knight
  1497 | D        | Reached skill level 18 in Stealth
  1500 | D        | Killed an orc warrior
  1506 | D        | Mangled by an orc warrior

Vault maps used:
D:        linesprint

Action                   |  1- 3 |  4- 6 |  7- 9 | 10-12 || total
-------------------------+-------+-------+-------+-------++-------
Melee: Dagger            |    30 |    92 |       |       ||   122
       Rapier            |       |     3 |    38 |    80 ||   121
 Cast: Confuse           |       |     6 |     2 |     3 ||    11
       Ensorcelled Hiber |       |     3 |    17 |    21 ||    41
       Corona            |       |     2 |       |       ||     2
Invok: Shadow Step       |       |       |       |     2 ||     2
  Use: Scroll            |       |       |     2 |       ||     2
 Stab: Sleeping          |     2 |     3 |    17 |    23 ||    45
       Distracted        |       |     1 |       |     1 ||     2
       Confused          |       |       |     2 |     1 ||     3
